NWL
SALEM-KEIZER VOLCANOES @ SPOKANE INDIANS
07/01/2099
 
TOP OF THE 1ST
Salem-Keizer Volcanoes batting - Pitching for Spokane Indians : RHP Alfredo Espino
Pitching: RHP Alfredo Espino
Batting: RHB Greg Hadley 0-0: Fly out, F7 (Flyball, 7LM, EV 100.6 MPH)
Batting: RHB Kevin Hamby 0-0: Swinging Strike
0-1: Ball
1-1: Foul Ball, location: 9LDF
1-2: Ball
2-2: Strikes out swinging
Batting: RHB Alejandro Reyes 0-0: SINGLE (Line Drive, 5D, EV 94.4 MPH)
Batting: LHB Aaron Roeske 0-0: Ball
1-0: Called Strike
1-1: Swinging Strike
1-2: Foul Ball, location: 23F
1-2: Ball
2-2: Ball
3-2: Base on Balls
Alejandro Reyes to second
Batting: RHB Leonardo Olivera 0-0: Ball
1-0: Ground out U3 (Groundball, 3L, EV 88.8 MPH)
Top of the 1st over - 0 runs, 1 hit, 0 errors, 2 left on base; Salem-Keizer 0 - Spokane 0
BOTTOM OF THE 1ST
Spokane Indians batting - Pitching for Salem-Keizer Volcanoes : RHP Tony Harnly
Pitching: RHP Tony Harnly
Batting: RHB Jeff Hauenstein 0-0: SINGLE (Line Drive, 9S, EV 96.9 MPH)
Batting: RHB Joel Turner 0-0: Foul Ball, location: 23F
0-1: Ball
1-1: Ball
Pickoff Throw by Catcher to First - Out!
2-1: Ground out 6-3 (Groundball, 6MS, EV 71.3 MPH)
Batting: RHB Josh Jonson 0-0: Ball
1-0: Ball
2-0: Ball
3-0: Base on Balls
Batting: RHB Chris Engasser 0-0: Ball
1-0: Ball
2-0: Foul Ball, location: 9LSF
2-1: SINGLE (Line Drive, 3D, EV 99.4 MPH)
Josh Jonson to second
Runner from 2nd tries for 3rd, SAFE, no throw by RF
Batting: RHB Kevin Norvell 0-0: Ball
1-0: Called Strike
1-1: Called Strike
1-2: Strikes out swinging
Bottom of the 1st over - 0 runs, 2 hits, 0 errors, 2 left on base; Salem-Keizer 0 - Spokane 0
TOP OF THE 2ND
Salem-Keizer Volcanoes batting - Pitching for Spokane Indians : RHP Alfredo Espino
Batting: LHB Dave Carver 0-0: Foul Ball, location: 2LF
0-1: Hit by Pitch
Batting: RHB Taylor Rodriguez 0-0: Ground out U3 (Groundball, 34S, EV 73.8 MPH)
Dave Carver to second
Batting: LHB Enrique Lucero 0-0: Ball
1-0: Called Strike
1-1: Ball
2-1: Swinging Strike
2-2: Ball
3-2: Strikes out swinging
Batting: SHB Hunter Rodriguez 0-0: Called Strike
0-1: Foul Ball, location: 3FF
0-2: Foul Ball, location: 7LSF
0-2: DOUBLE (Line Drive, 9LM, EV 105.0 MPH)
Dave Carver scores
Batting: RHB Greg Hadley 0-0: Called Strike
0-1: Ground out 5-3 (Groundball, 56, EV 85.0 MPH)
Top of the 2nd over - 1 run, 1 hit, 0 errors, 1 left on base; Salem-Keizer 1 - Spokane 0
BOTTOM OF THE 2ND
Spokane Indians batting - Pitching for Salem-Keizer Volcanoes : RHP Tony Harnly
Batting: SHB Josh Cady 0-0: Ball
1-0: Ball
2-0: Called Strike
2-1: SINGLE (Groundball, 34D, EV 106.9 MPH)
Batting: RHB Manny Valdenegro 0-0: Ball
1-0: Foul Ball, location: 9LSF
1-1: Fly out, F8 (Flyball, 8LM, EV 88.8 MPH)
Batting: RHB Matt Caswell 0-0: SINGLE (Groundball, 6MD, EV 94.4 MPH)
Josh Cady to second
Batting: RHB Jesse Yergeau 0-0: Called Strike
0-1: SINGLE (Groundball, 6MD, EV 98.1 MPH)
Josh Cady to third
Matt Caswell to second
Runner from 3rd tries for Home, SAFE, throw by CF to home
Batting: RHB Jeff Hauenstein 0-0: Foul Ball, location: 9LMF
0-1: Ball
1-1: Ball
2-1: Ball
3-1: Called Strike
3-2: Strikes out swinging
Batting: RHB Joel Turner 0-0: Ball
1-0: Fly out, F7 (Flyball, 7, EV 98.1 MPH)
Bottom of the 2nd over - 1 run, 3 hits, 0 errors, 2 left on base; Salem-Keizer 1 - Spokane 1
TOP OF THE 3RD
Salem-Keizer Volcanoes batting - Pitching for Spokane Indians : RHP Alfredo Espino
Batting: RHB Kevin Hamby 0-0: Foul Ball, location: 9LDF
0-1: Ball
1-1: Ball
2-1: Ball
3-1: Called Strike
3-2: SOLO HOME RUN (Flyball, 7D, EV 96.3 MPH), Distance : 364 ft
Batting: RHB Alejandro Reyes 0-0: Ball
1-0: Swinging Strike
1-1: Foul Ball, location: 3DF
1-2: Fly out, F8 (Flyball, 8LM, EV 96.3 MPH)
Batting: LHB Aaron Roeske 0-0: Called Strike
0-1: Ball
1-1: Called Strike
1-2: Ball
2-2: Foul Ball, location: 2F
2-2: Fly out, F9 (Flyball, 9, EV 93.1 MPH)
Batting: RHB Leonardo Olivera 0-0: DOUBLE (Flyball, 78XD, EV 109.4 MPH)
Batting: LHB Dave Carver 0-0: Ground out 4-3 (Groundball, 4, EV 105.6 MPH)
Top of the 3rd over - 1 run, 2 hits, 0 errors, 1 left on base; Salem-Keizer 2 - Spokane 1
BOTTOM OF THE 3RD
Spokane Indians batting - Pitching for Salem-Keizer Volcanoes : RHP Tony Harnly
Batting: RHB Josh Jonson 0-0: Ball
1-0: Foul Ball, location: 9LSF
1-1: Ball
2-1: Foul Ball, location: 9LDF
2-2: SINGLE (Groundball, 15S, EV 75.6 MPH) (infield hit)
Batting: RHB Chris Engasser 0-0: Ball
Wild Pitch!
Josh Jonson to second
1-0: Ball
2-0: Foul Ball, location: 7LSF
2-1: Ground out 4-3 (Groundball, 4S, EV 90.6 MPH)
Josh Jonson to third
Batting: RHB Kevin Norvell 0-0: Called Strike
0-1: 2-RUN HOME RUN (Flyball, 7D, EV 96.3 MPH), Distance : 371 ft
Batting: SHB Josh Cady 0-0: Ball
1-0: Ball
2-0: SINGLE (Line Drive, 78S, EV 105.6 MPH)
Batting: RHB Manny Valdenegro 0-0: Called Strike
0-1: Swinging Strike
0-2: Foul Ball, location: 3F
0-2: Ball
1-2: Ball
Wild Pitch!
Josh Cady to second
2-2: Fly out, F9 (Flyball, 89D, EV 98.1 MPH)
Batting: RHB Matt Caswell 0-0: Called Strike
0-1: Called Strike
0-2: Strikes out swinging
Bottom of the 3rd over - 2 runs, 3 hits, 0 errors, 1 left on base; Salem-Keizer 2 - Spokane 3
TOP OF THE 4TH
Salem-Keizer Volcanoes batting - Pitching for Spokane Indians : RHP Alfredo Espino
Batting: RHB Taylor Rodriguez 0-0: Foul Ball, location: 2F
0-1: Called Strike
0-2: SINGLE (Groundball, 4M, EV 102.5 MPH)
Batting: LHB Enrique Lucero 0-0: Called Strike
Taylor Rodriguez steals 2nd base
0-1: Ball
1-1: Swinging Strike
1-2: Foul Ball, location: 7LMF
1-2: Ball
2-2: Ball
3-2: Base on Balls
Batting: SHB Hunter Rodriguez 0-0: Ball
1-0: Sac Bunt to 2L - play at third, runner OUT! 2-6
Enrique Lucero to second
Batting: RHB Greg Hadley 0-0: Foul Ball, location: 2F
0-1: Ball
1-1: Called Strike
1-2: 3-RUN HOME RUN (Flyball, 8LXD, EV 110.6 MPH), Distance : 431 ft
Pitching: RHP Manuel Curiel
Batting: RHB Kevin Hamby 0-0: Called Strike
0-1: Swinging Strike
0-2: Ground out 5-3 (Groundball, 56, EV 83.8 MPH)
Batting: RHB Alejandro Reyes 0-0: Called Strike
0-1: Swinging Strike
0-2: Ball
1-2: Strikes out swinging
Top of the 4th over - 3 runs, 2 hits, 0 errors, 0 left on base; Salem-Keizer 5 - Spokane 3
BOTTOM OF THE 4TH
Spokane Indians batting - Pitching for Salem-Keizer Volcanoes : RHP Tony Harnly
Batting: RHB Jesse Yergeau 0-0: Called Strike
0-1: Foul Ball, location: 2F
0-2: Strikes out swinging
Batting: RHB Jeff Hauenstein 0-0: Ball
1-0: Ground out 5-3 (Groundball, 56S, EV 86.3 MPH)
Batting: RHB Joel Turner 0-0: Ball
1-0: Ball
2-0: Ball
3-0: Base on Balls
Batting: RHB Josh Jonson 0-0: Ball
1-0: Ball
2-0: Fly out, F7 (Flyball, 7D, EV 101.3 MPH)
Bottom of the 4th over - 0 runs, 0 hits, 0 errors, 1 left on base; Salem-Keizer 5 - Spokane 3
TOP OF THE 5TH
Salem-Keizer Volcanoes batting - Pitching for Spokane Indians : RHP Manuel Curiel
Batting: LHB Aaron Roeske 0-0: Called Strike
0-1: Ball
1-1: Swinging Strike
1-2: Strikes out looking
Batting: RHB Leonardo Olivera 0-0: Ball
1-0: Called Strike
1-1: Ball
2-1: Ground out 6-3 (Groundball, P, EV 86.9 MPH)
Batting: LHB Dave Carver 0-0: SOLO HOME RUN (Flyball, 89XD, EV 111.9 MPH), Distance : 410 ft
Batting: RHB Taylor Rodriguez 0-0: SINGLE (Groundball, 6MS, EV 67.5 MPH) (infield hit)
Batting: LHB Enrique Lucero 0-0: SINGLE (Flyball, 4D, EV 96.9 MPH)
Taylor Rodriguez to second
Runner from 2nd tries for 3rd, SAFE, no throw by CF
Batting: SHB Hunter Rodriguez 0-0: Foul Ball, location: 7LDF
0-1: Swinging Strike
0-2: Ball
1-2: Ball
2-2: Foul Ball, location: 2F
2-2: Strikes out swinging
Top of the 5th over - 1 run, 3 hits, 0 errors, 2 left on base; Salem-Keizer 6 - Spokane 3
BOTTOM OF THE 5TH
Spokane Indians batting - Pitching for Salem-Keizer Volcanoes : RHP Tony Harnly
Batting: RHB Chris Engasser 0-0: DOUBLE (Line Drive, 3D, EV 97.5 MPH)
Batting: RHB Kevin Norvell 0-0: Ball
1-0: Ball
2-0: Called Strike
2-1: Ball
3-1: SINGLE (Groundball, 56D, EV 109.4 MPH)
Chris Engasser to third
Batting: SHB Josh Cady 0-0: Ball
1-0: Ball
2-0: Grounds into double play, 4-6-3 (Groundball, 4, EV 87.5 MPH)
Chris Engasser scores
Batting: RHB Manny Valdenegro 0-0: Called Strike
0-1: Ball
1-1: Called Strike
1-2: Ball
2-2: Ball
3-2: Foul Ball, location: 9LSF
3-2: Foul Ball, location: 2F
3-2: Base on Balls
Pitching: RHP Danny Kraus
Pinch Hitting: RHB Zyaire Spencer 0-0: Called Strike
0-1: Swinging Strike
0-2: Ball
1-2: Strikes out swinging
Bottom of the 5th over - 1 run, 2 hits, 0 errors, 1 left on base; Salem-Keizer 6 - Spokane 4
TOP OF THE 6TH
Salem-Keizer Volcanoes batting - Pitching for Spokane Indians : RHP Manuel Curiel
Now at 3B: Zyaire Spencer
Now at SS: Josh Cady
Batting: RHB Greg Hadley 0-0: Ball
1-0: SINGLE (Groundball, 6MD, EV 93.8 MPH)
Batting: RHB Kevin Hamby 0-0: Ball
1-0: Foul Ball, location: 3FF
1-1: Ball
2-1: Fly out, F8 (Flyball, 8RXD, EV 103.8 MPH)
Batting: RHB Alejandro Reyes 0-0: Ball
1-0: Ball
2-0: Ball
3-0: Swinging Strike
3-1: Called Strike
3-2: Strikes out swinging
Batting: LHB Aaron Roeske 0-0: Ball
1-0: Called Strike
1-1: Called Strike
Greg Hadley steals 2nd base
1-2: Ball
2-2: Ball
3-2: Base on Balls
Batting: RHB Leonardo Olivera 0-0: Called Strike
0-1: Foul Ball, location: 9LMF
0-2: Ball
1-2: Strikes out swinging
Top of the 6th over - 0 runs, 1 hit, 0 errors, 2 left on base; Salem-Keizer 6 - Spokane 4
BOTTOM OF THE 6TH
Spokane Indians batting - Pitching for Salem-Keizer Volcanoes : RHP Danny Kraus
Batting: RHB Jesse Yergeau 0-0: Ball
1-0: Called Strike
1-1: Ground out U3 (Groundball, 34D, EV 102.5 MPH)
Batting: RHB Jeff Hauenstein 0-0: Foul Ball, location: 23FF
0-1: Ball
1-1: Foul Ball, location: 9LSF
1-2: Ball
2-2: Foul Ball, location: 2F
2-2: Ground out 4-3 (Groundball, 4M, EV 107.5 MPH)
Batting: RHB Joel Turner 0-0: Ball
1-0: Foul Ball, location: 2F
1-1: Ball
2-1: SINGLE (Groundball, P, EV 83.8 MPH) (infield hit)
Batting: RHB Josh Jonson 0-0: Ball
1-0: Called Strike
1-1: Ball
2-1: Called Strike
2-2: Ball
3-2: Fly out, F8 (Flyball, 8RXD, EV 103.1 MPH)
Bottom of the 6th over - 0 runs, 1 hit, 0 errors, 1 left on base; Salem-Keizer 6 - Spokane 4
TOP OF THE 7TH
Salem-Keizer Volcanoes batting - Pitching for Spokane Indians : RHP Manuel Curiel
Pitching: LHP Luis Chavira
Batting: LHB Dave Carver 0-0: Ground out 4-3 (Groundball, 4D, EV 88.8 MPH)
Pitching: RHP Raul Arias
Batting: RHB Taylor Rodriguez 0-0: Ball
1-0: Foul Ball, location: 2F
1-1: Swinging Strike
1-2: Reached on error, E6 (Groundball, 6, EV 106.9 MPH)
Batting: LHB Enrique Lucero 0-0: Foul Ball, location: 2F
0-1: Foul Ball, location: 2F
0-2: Foul Ball, location: 2F
0-2: Ball
1-2: Foul Ball, location: 25F
1-2: Foul Ball, location: 9LMFF
1-2: Ball
2-2: Reached on error, E6 (Groundball, 6D, EV 83.8 MPH)
Batting: SHB Hunter Rodriguez 0-0: Swinging Strike
0-1: Ball
1-1: Swinging Strike
1-2: Strikes out swinging
Batting: RHB Greg Hadley 0-0: Ball
1-0: Ground out 5-3 (Groundball, 56S, EV 93.8 MPH)
Top of the 7th over - 0 runs, 0 hits, 2 errors, 2 left on base; Salem-Keizer 6 - Spokane 4
BOTTOM OF THE 7TH
Spokane Indians batting - Pitching for Salem-Keizer Volcanoes : RHP Danny Kraus
Batting: RHB Chris Engasser 0-0: Ball
1-0: Foul Ball, location: 2F
1-1: Ball
2-1: Ball
3-1: Foul Ball, location: 23F
3-2: Base on Balls
Batting: RHB Kevin Norvell 0-0: Called Strike
0-1: 2-RUN HOME RUN (Flyball, 78XD, EV 110.6 MPH), Distance : 412 ft
Batting: SHB Josh Cady 0-0: Foul Ball, location: 2F
0-1: Ground out 2-3 (Groundball, 15S, EV 70.0 MPH)
Batting: RHB Manny Valdenegro 0-0: Ball
1-0: Called Strike
1-1: Swinging Strike
1-2: Strikes out swinging
Batting: RHB Zyaire Spencer 0-0: Foul Ball, location: 5F
0-1: Reached via error on a dropped throw from 1B, E1 (Groundball, 34, EV 88.8 MPH)
Pinch Hitting: LHB Cody Harris 0-0: Foul Ball, location: 2F
0-1: Ball
1-1: Ground out 4-3 (Groundball, 4, EV 86.9 MPH)
Bottom of the 7th over - 2 runs, 1 hit, 1 error, 1 left on base; Salem-Keizer 6 - Spokane 6
TOP OF THE 8TH
Salem-Keizer Volcanoes batting - Pitching for Spokane Indians : RHP Raul Arias
Pitching: RHP Kerry Snyder
Now at 1B: Jeff Coldwell
Batting: RHB Kevin Hamby 0-0: Called Strike
0-1: Ball
1-1: Ground out 5-3 (Groundball, 5S, EV 66.3 MPH)
Batting: RHB Alejandro Reyes 0-0: Called Strike
0-1: Ball
1-1: Ball
2-1: Foul Ball, location: 2F
2-2: Ball
3-2: Base on Balls
Batting: LHB Aaron Roeske 0-0: Ball
1-0: Called Strike
1-1: Ball
Wild Pitch!
Alejandro Reyes to second
2-1: Intentional Walk
Batting: RHB Leonardo Olivera 0-0: Ground out 5-3 (Groundball, 56S, EV 66.9 MPH)
Alejandro Reyes to third
Aaron Roeske to second
Batting: LHB Dave Carver 0-0: Ball
1-0: Called Strike
1-1: Ball
2-1: Swinging Strike
2-2: Strikes out looking
Top of the 8th over - 0 runs, 0 hits, 0 errors, 2 left on base; Salem-Keizer 6 - Spokane 6
BOTTOM OF THE 8TH
Spokane Indians batting - Pitching for Salem-Keizer Volcanoes : RHP Danny Kraus
Pitching: RHP Wayne Perry
Batting: RHB Jeff Hauenstein 0-0: Called Strike
0-1: Foul Ball, location: 9LMF
0-2: Ball
1-2: Strikes out swinging
Batting: RHB Joel Turner 0-0: Foul Ball, location: 2F
0-1: Swinging Strike
0-2: Strikes out swinging
Batting: RHB Josh Jonson 0-0: Ball
1-0: Ball
2-0: Foul Ball, location: 5DF
2-1: Ball
3-1: Foul Ball, location: 2F
3-2: Base on Balls
Batting: RHB Chris Engasser 0-0: Foul Ball, location: 23F
0-1: Ball
1-1: Called Strike
1-2: Ball
2-2: DOUBLE (Line Drive, 78D, EV 105.0 MPH)
Josh Jonson to third
Runner from 3rd tries for Home, SAFE, no throw by LF
Batting: RHB Kevin Norvell 0-0: Called Strike
0-1: Foul Ball, location: 2F
0-2: Ball
1-2: Ball
2-2: Foul Ball, location: 23FF
2-2: Ball
3-2: Strikes out looking
Bottom of the 8th over - 1 run, 1 hit, 0 errors, 1 left on base; Salem-Keizer 6 - Spokane 7
TOP OF THE 9TH
Salem-Keizer Volcanoes batting - Pitching for Spokane Indians : RHP Kerry Snyder
Now in LF: Alex Minero
Now in CF: Chris Engasser
Batting: RHB Taylor Rodriguez 0-0: Called Strike
0-1: Foul Ball, location: 7LSF
0-2: Ball
1-2: Ball
2-2: Strikes out swinging
Batting: LHB Enrique Lucero 0-0: Called Strike
0-1: Fly out, F6 (Popup, 4M, EV 78.8 MPH)
Pinch Hitting: LHB Preston Wholey 0-0: Ball
1-0: Ball
2-0: Called Strike
2-1: Fly out, F7 (Line Drive, 7D, EV 90.6 MPH)
Top of the 9th over - 0 runs, 0 hits, 0 errors, 0 left on base; Salem-Keizer 6 - Spokane 7
Friday, May 10th , 2024 - OOTP Baseball 24.11 Build 85